AoeStats
← LoVEitx3

Arena

509156406Analyzed
2v2 RM · 6d ago on Sep 25, 2026· 58m 39s· 4 players
Game mode
Random Map
Map size
Medium (4 player)
Population
200
Speed
Normal
Resources
Standard
Victory
Conquest
Starting age
Dark Age
Ending age
Imperial Age
RankedLock teamsTeams togetherTeam positionsShared explorationLock speedFull tech treeHidden civsTurbo modeCheats
Victory
Defeat
🇮🇱 Portuguese · Israel
521
+15
🇮🇱 Britons · Israel
507
+16
🇨🇭 Britons · Switzerland
513
-16
🇩🇿 Berbers · Algeria
485
-15
SlimDZ16
11:34 Feudal Age
15:11 Double-Bit Axe
20:06 Arson
21:54 Gold Mining
21:55 Stone Mining
21:52 Horse Collar
25:24 Man-at-Arms
29:23 Padded Archer Armor
29:14 Fletching
29:25 Scale Mail Armor
29:31 Scale Barding Armor
29:38 Forging
32:21 Castle Age
35:22 Heavy Plow
35:33 Thumb Ring
34:52 Long Swordsman
35:34 Squires
38:06 Bow Saw
43:01 Crossbowman
43:02 Elite Skirmisher
49:27 Pikeman
LoVEitx3
12:44 Feudal Age
13:17 Gold Mining
13:41 Double-Bit Axe
14:44 Horse Collar
14:59 Stone Mining
17:51 Wheelbarrow
22:51 Castle Age
23:58 Heavy Plow
24:50 Gold Shaft Mining
24:51 Bow Saw
25:48 Padded Archer Armor
28:45 Leather Archer Armor
27:53 Crossbowman
33:23 Yeomen
33:20 Fortified Wall
35:32 Fletching
38:46 Imperial Age
39:54 Arbalester
41:54 Two-Man Saw
40:32 Elite Longbowman
42:28 Ring Archer Armor
42:15 Warwolf
43:54 Conscription
45:15 Hoardings
49:58 Bodkin Arrow
51:17 Chemistry
49:43 Cranequins
michaelnaro
10:25 Feudal Age
11:02 Horse Collar
11:09 Double-Bit Axe
12:02 Wheelbarrow
15:25 Gold Mining
18:45 Castle Age
18:13 Forging
18:00 Stone Mining
19:51 Hand Cart
20:00 Bow Saw
20:18 Heavy Plow
21:42 Fletching
23:45 Town Watch
24:06 Caravan
26:42 Coinage
27:02 Iron Casting
27:08 Fervor
29:10 Stone Shaft Mining
28:39 Bodkin Arrow
32:42 Imperial Age
30:06 Pikeman
31:28 Loom
32:27 Treadmill Crane
32:37 Gambesons
33:19 Town Patrol
35:12 Banking
36:48 Two-Man Saw
35:17 Elite Skirmisher
36:53 Halberdier
37:40 Scale Mail Armor
39:53 Conscription
40:51 Crop Rotation
41:44 Chemistry
41:06 Ballistics
41:21 Guilds
41:13 Arson
41:40 Thumb Ring
41:52 Padded Archer Armor
43:52 Bombard Tower
43:58 Block Printing
46:53 Elite Organ Gun
48:57 Masonry
49:02 Bracer
49:18 Leather Archer Armor
52:08 Arquebus
53:59 Architecture
53:20 Heated Shot
53:38 Siege Engineers
54:37 Blast Furnace
53:52 Chain Mail Armor
54:08 Ring Archer Armor
57:56 Sappers
58:07 Sappers
59:13 Plate Mail Armor
Pablecito
7:18 Loom
10:11 Feudal Age
11:10 Horse Collar
11:18 Double-Bit Axe
18:04 Town Watch
21:42 Castle Age
23:36 Heavy Plow
24:01 Bow Saw
25:34 Wheelbarrow
24:59 Town Patrol
25:33 Elite Skirmisher
28:44 Crossbowman
28:57 Pikeman
29:38 Squires
31:19 Padded Archer Armor
31:10 Fletching
31:26 Scale Barding Armor
31:32 Forging
31:26 Husbandry
33:55 Chain Barding Armor
33:51 Leather Archer Armor
34:12 Iron Casting
33:33 Bodkin Arrow
33:46 Caravan
35:24 Hand Cart
39:39 Yeomen
41:55 Imperial Age
39:39 Scale Mail Armor
41:38 Chain Mail Armor
43:40 Blast Furnace
43:11 Ring Archer Armor
43:16 Plate Barding Armor
43:12 Plate Mail Armor
42:48 Bracer
43:00 Warwolf
43:45 Elite Longbowman
46:47 Cavalier
46:49 Arbalester
46:51 Halberdier
49:07 Ballistics
49:48 Chemistry
48:44 Murder Holes
Connection lost

Rejoining the realm…

Still unreachable

The connection could not be restored.

Session expired

The server has moved on; the page needs a fresh start.